 Dungeon Crawl Stone Soup version 0.25-a0-942-g87a53962fc (webtiles) character file.

Game seed: 4058238817249622768, levelgen mode: deterministic

1832142 Flugslaktarn the Impregnable (level 23, 232/232 HPs)
             Began as a Minotaur Fighter on May 7, 2020.
             Was an Initiate of Gozag.
             Escaped with the Orb
             ... and 3 runes!
             The game lasted 00:33:44 (51365 turns).

Flugslaktarn the Impregnable (Minotaur Fighter)    Turns: 51365, Time: 00:33:44

Health: 232/232    AC: 35    Str: 23    XL:     23   Next: 35%
Magic:  22/22      EV: 28    Int: 16    God:    Gozag
Gold:   3327       SH: 15    Dex: 16    Spells: 22/22 levels left

rFire    + . .     SeeInvis .   V - +9 broad axe (elec)
rCold    + . .     Gourm    .   j - +1 kite shield {rPois}
rNeg     + . .     Faith    .   a - +6 storm dragon scales
rPois    +         Spirit   .   (helmet unavailable)
rElec    +         Reflect  .   N - scarf {rC+ rF+}
rCorr    .         Harm     .   F - +2 pair of gloves of the Sun {rN+ Str-2 Int+6}
MR       ++...                  I - +2 pair of boots
Stlth    ..........             C - amulet "Zexo" {Acrobat rPois Int+5}
HPRegen  0.48/turn              m - ring of protection from magic
MPRegen  0.18/turn              v - +5 ring of evasion

@: no status effects
A: retaliatory headbutt, horns 3, talons 1
0: Orb of Zot
}: 3/15 runes: decaying, serpentine, silver
a: Potion Petition, Call Merchant, Bribe Branch, Renounce Religion


You escaped.
You worshipped Gozag.
Gozag was most pleased with you.
You were hungry.

You visited 9 branches of the dungeon, and saw 47 of its levels.
You visited the Abyss 1 time.

You collected 18882 gold pieces.
You spent 4778 gold pieces at shops.
You paid 10777 gold pieces to Gozag.

Inventory:

Hand Weapons
 V - a +9 broad axe of electrocution (weapon)
   (You took it off a death knight on level 14 of the Dungeon)
Missiles
 E - 2 throwing nets (quivered)
Armour
 a - +6 storm dragon scales (worn)
   (You bought it in a shop on level 2 of the Orcish Mines)
 j - a +1 kite shield of poison resistance (worn)
   (You took it off a naga warrior on level 3 of the Snake Pit)
 F - the +2 pair of gloves of the Sun (worn) {rN+ Str-2 Int+6}
   (You bought it in a shop on level 4 of the Dungeon)

   It affects your strength (-2).
   It affects your intelligence (+6).
   It protects you from negative energy.
 I - a +2 pair of boots (worn)
   (You found it on level 3 of the Dungeon)
 N - a scarf of resistance (worn)
   (You found it on level 10 of the Dungeon)
 X - a +0 cloak
   (You found it on level 6 of the Dungeon)
Jewellery
 c - an uncursed ring of protection from cold
   (You took it off a red draconian on level 3 of the Realm of Zot)
 f - an uncursed ring of protection from fire
   (You found it on level 10 of the Dungeon)
 k - an uncursed ring of flight
   (You found it on level 5 of the Depths)
 m - a ring of protection from magic (left hand)
   (You bought it in a shop on level 4 of the Dungeon)
 p - the ring "Jebad" {rC+ AC+3 Str+4 Int-5 Dex+2}
   (You took it off an ironheart preserver on level 5 of the Vaults)

   [ring of protection]

   It affects your AC (+3).
   It affects your strength (+4).
   It affects your intelligence (-5).
   It affects your dexterity (+2).
   It protects you from cold.
 v - a +5 ring of evasion (right hand)
   (You found it on level 2 of the Snake Pit)
 C - the amulet "Zexo" (around neck) {Acrobat rPois Int+5}
   (You acquired it on level 2 of the Lair of Beasts)

   [amulet of the acrobat]

   It helps you evade while moving and waiting.
   It affects your intelligence (+5).
   It protects you from poison.
 M - the ring of Totu {Str-4 Dex+3 Slay+5 Stlth+}
   (You took it off a necromancer on level 5 of the Vaults)

   [ring of slaying]

   It affects your strength (-4).
   It affects your dexterity (+3).
   It affects your accuracy and damage with ranged weapons and melee attacks
   (+5).
   It makes you more stealthy.
 U - an uncursed ring of protection from fire
   (You found it on level 12 of the Dungeon)
Wands
 b - a wand of digging (27)
   (You found it on level 12 of the Dungeon)
 o - a wand of scattershot (5)
   (You found it on level 5 of the Depths)
 A - a wand of acid (9)
   (You found it on level 8 of the Dungeon)
 H - a wand of enslavement (8)
   (You found it on level 10 of the Dungeon)
 J - a wand of iceblast (11)
   (You found it on level 8 of the Dungeon)
 K - a wand of paralysis (16)
   (You found it on level 13 of the Dungeon)
Scrolls
 i - 4 scrolls of magic mapping
 l - a scroll of immolation
 r - 23 scrolls of identify
 t - 11 scrolls of teleportation
 u - 7 scrolls of fog
 x - 14 scrolls of remove curse
 z - 5 scrolls of blinking
 B - a scroll of summoning
 R - a scroll of silence
 S - 5 scrolls of fear
Potions
 d - 5 potions of might
 g - 6 potions of stabbing
 h - 8 potions of haste
 n - 6 potions of resistance
 q - 12 potions of curing
 s - 6 potions of mutation
 y - 3 potions of flight
 D - 2 potions of cancellation
 O - 3 potions of lignification
 P - 4 potions of magic
 Q - a potion of invisibility {unknown}
Comestibles
 e - 31 rations


   Skills:
 + Level 24.7 Fighting
 - Level 18.0 Axes
 + Level 24.8 Armour
 + Level 21.4 Dodging
 - Level 15.0 Shields


You had 22 spell levels left.
You didn't know any spells.
Your spell library was empty.

Dungeon Overview and Level Annotations

Branches:
Dungeon (15/15)            Temple (1/1) D:7            Lair (6/6) D:11
  Swamp (4/4) Lair:2        Snake (4/4) Lair:4          Orc (2/2) D:11
    Elf (0/3) Orc:2        Vaults (5/5) D:14          Crypt (0/3) Vaults:3
 Depths (5/5) D:15            Zot (5/5) Depths:5
  Slime: Lair:5-6

Altars:
Ashenzari
Cheibriados
Dithmenos
Elyvilon
Fedhas
Gozag
Hepliaklqana
Kikubaaqudgha
Makhleb
Nemelex Xobeh
Okawaru
Qazlal
Ru
Sif Muna
Trog
Uskayaw
Vehumet
Wu Jian
Xom
Yredelemnul
Zin
The Shining One
Beogh

Shops:
D:4 ((=![   Orc:2 [?%%*   Snake:1 }   Snake:2 !*![   Vaults:5 %   Depths:1 *

Portals:
Hell: Depths:2 Depths:3 Depths:5
Abyss: Depths:3 Depths:4

Annotations:
Lair:5 exclusion: 2 oklob plants
Vaults:3 10 runed doors


Innate Abilities, Weirdness & Mutations

You reflexively headbutt those who attack you in melee.
You have a pair of large horns on your head.
You have sharp toenails.


Message History

There is a stone staircase leading up here.
You climb upwards.
There is a stone staircase leading down here.
Unknown command.
(D) Dungeon (T) Temple (L) Lair (S) Swamp (P) Snake Pit (O) Orcish Mines (E) Elven Halls (V) Vaults (C) Crypt (U) Depths (H) Hell (Z) Zot
Where to? (Enter - D:1 @ (x,y), ? - help)
There is a stone staircase leading up here.
You climb upwards.
There is a stone staircase leading down here.
You see here a stone.
You see here 12 stones.
You see here a +0 short sword.
There is an open door here.
You see here a stone.
You enter the shallow water.
Moving in this stuff is going to be slow.
There is a staircase leading out of the dungeon here.
You have escaped!

....÷...........(................
....#.......#'########.##.######.
....#.......#.##....#.........##.
#####.......#≈##≈##.#[........##.
###..####.##≈≈≈#..'.........##.
###....## #.#≈#######....)....##.
#...##..# ####≈≈≈≈≈≈#.(#########.
#.#####.# #≈###≈#≈#..# ## .)# #.#
#≈#≈@≈#≈#..# #
)######.#####≈≈≈≈≈≈≈#..# #
.###.......#####(####..###### #
..##.......# #.#..........# #
..##.......# #......#####.#####
..##.......# ##.#.### #.....#
.......##### ###)#.# #####..
..####.....####.....# #.. ..#
###...........### #..


There were no monsters in sight!

Vanquished Creatures
  Mara (Vaults:3)
  An ancient lich (Vaults:5)
  A juggernaut (Depths:3)
  A pandemonium lord (Zot:5)
  A caustic shrike (Depths:3)
  5 golden dragons
  Jory (Vaults:3)
  A profane servitor (Abyss:3)
  the Enchantress (Depths:5)
  A hellephant (D:13)
  2 liches
  4 tentacled monstrosities
  A titan (Vaults:5)
  7 Orb Guardians
  A quicksilver dragon (Depths:5)
  2 death cobs
  2 sphinxes
  2 tentacled starspawn (Abyss:3)
  3 Executioners
  2 thorn hunters (Swamp:4)
  5 shadow dragons
  2 storm dragons (Vaults:5)
  11 nagarajas
  2 tengu reavers
  6 frost giants
  12 fire giants
  2 iron dragons (Vaults:5)
  4 deep elf sorcerers (Vaults:5)
  4 draconian monks
  A deep elf elementalist (Vaults:5)
  A draconian knight (Zot:4)
  3 ghost moths
  2 draconian shifters (Zot:2)
  Aizul (Snake:2)
  4 spriggan defenders
  An orc warlord (Orc:2)
  6 vault wardens
  3 draconian scorchers
  13 very ugly things
  16 stone giants
  3 draconian annihilators
  4 war gargoyles
  9 ironheart preservers
  A vampire knight (Vaults:3)
  4 green draconians
  3 black draconians
  2 white draconians (Zot:5)
  A deep elf demonologist (Vaults:5)
  Nessos (Lair:5)
  A spark wasp (Depths:3)
  3 deep elf annihilators
  A minotaur (shapeshifter) (Depths:2)
  4 purple draconians
  2 pale draconians (Depths:5)
  4 red draconians
  3 yellow draconians
  Snorg (Lair:5)
  2 green deaths
  4 deep elf death magi
  A blizzard demon (D:7)
  Josephine (Lair:5)
  10 ettins
  7 yaktaur captains
  13 fire dragons
  7 ice dragons
  2 deep elf high priests (Vaults:5)
  5 rakshasas
  3 great orbs of eyes
  16 naga warriors
  7 anacondas
  26 vault guards
  A hell beast (Zot:5)
  6 spriggan air magi
  16 hydras
  10 centaur warriors
  39 two-headed ogres
  2 shambling mangroves (Swamp:4)
  7 alligators
  8 deep troll shamans
  7 naga sharpshooters
  2 death knights
  14 ogre magi
  4 deep troll earth magi (Depths:5)
  6 spriggan berserkers
  15 hell knights
  6 orc high priests (Orc:2)
  A thrashing horror (Abyss:3)
  12 shock serpents
  Sonja (Lair:1)
  Urug (Lair:6)
  5 deep elf knights
  A titan skeleton (Vaults:5)
  3 wretched stars (Abyss:3)
  A salamander mystic (Snake:4)
  A spriggan druid (Swamp:4)
  2 iron trolls
  A skeletal warrior (D:14)
  3 large abominations (Abyss:3)
  2 glowing orange brains (Depths:5)
  15 swamp dragons
  2 infernal demonspawn (D:6)
  19 deep trolls
  7 sea snakes (Snake:4)
  2 storm dragon skeletons
  3 unseen horrors
  A flayed ghost (Depths:4)
  4 naga ritualists
  5 lindwurms
  3 deep elf archers
  5 harpies (Vaults:1)
  5 ironbrand convokers
  7 mana vipers
  6 phantasmal warriors
  6 wizards
  5 deep elf magi
  10 necromancers
  7 orc knights
  2 orc sorcerers
  A wolf spider (Vaults:5)
  A cyclops (D:15)
  2 human zombies (Vaults:5)
  39 ugly things
  8 moths of wrath
  A fire giant zombie (Vaults:5)
  9 salamanders
  3 manticores (D:9)
  7 elephants
  9 vault sentinels
  12 naga magi
  32 black mambas
  9 guardian serpents
  A rust devil (D:7)
  7 spiny frogs
  3 molten gargoyles (Lair:6)
  4 gargoyles
  2 torpor snails
  A kobold demonologist (D:10)
  A tormentor (Depths:5)
  4 rime drakes
  A rime drake (shapeshifter) (Vaults:2)
  An ice devil (Depths:3)
  10 komodo dragons
  2 ancient zymes (Abyss:3)
  2 efreet
  4 freezing wraiths
  31 yaktaurs
  A red devil (Zot:5)
  A queen bee (Lair:2)
  A merfolk (D:9)
  A polar bear (Lair:3)
  10 trolls
  Grinder (D:6)
  7 hornets
  A slime creature (shapeshifter) (Vaults:3)
  8 tyrant leeches
  A bog body (Swamp:4)
  8 blink frogs
  21 slime creatures
  7 dream sheep (Lair:6)
  8 hippogriffs
  A fire dragon zombie (Depths:1)
  A raiju (Abyss:3)
  2 shadows (D:11)
  A frost giant simulacrum (Vaults:5)
  Sigmund (D:6)
  2 flying skulls (Vaults:3)
  2 ynoxinuls (Abyss:3)
  5 water elementals
  An ice dragon skeleton (Depths:1)
  A spriggan (shapeshifter) (Depths:1)
  7 spriggans
  7 wraiths
  A vampire (D:14)
  6 wyverns (Lair:6)
  A fire elemental (Abyss:3)
  31 yaks
  11 basilisks
  5 steam dragons
  7 vampire mosquitoes
  3 hungry ghosts
  A human simulacrum (Vaults:3)
  A neqoxec (Abyss:3)
  7 wargs
  A chaos spawn (Abyss:3)
  42 nagas
  5 swamp worms
  5 hell hounds
  5 water moccasins
  8 porcupines
  2 small abominations (Abyss:3)
  9 swamp drakes (Swamp:4)
  A hornet zombie (D:12)
  2 phantoms
  31 orc warriors
  3 black bears
  A black bear (shapeshifter) (Depths:2)
  2 ettin simulacra
  6 ice beasts
  29 ogres
  2 eyes of draining
  2 necrophages
  3 sky beasts
  12 wolves
  A wolf (shapeshifter) (Depths:2)
  37 centaurs
  9 crocodiles
  4 big kobolds
  17 bullfrogs
  A deep troll simulacrum (Vaults:2)
  A wyvern skeleton (D:14)
  7 scorpions
  23 killer bees (Lair:2)
  2 electric eels
  2 howler monkeys
  6 crimson imps
  4 bullfrog zombies
  A yaktaur simulacrum (Depths:1)
  4 hounds
  5 lava snakes (Lair:6)
  A quasit (D:8)
  7 jellies
  16 orc wizards
  3 bullfrog skeletons
  4 gnoll shamans (D:8)
  36 orc priests
  2 iron imps (Abyss:3)
  2 centaur zombies
  A centaur skeleton (D:6)
  14 worker ants
  5 iguanas
  A killer bee zombie (D:9)
  A hound skeleton (D:4)
  A howler monkey zombie (D:4)
  A worker ant zombie (D:10)
  14 gnolls
  16 adders
  4 shadow imps
  A white imp (Abyss:3)
  2 oozes
  An adder skeleton (D:9)
  2 worms
  2 dart slugs
  5 leopard geckos
  90 orcs
  3 giant cockroaches
  9 goblins
  2 hobgoblins
  3 jackals (D:6)
  3 quokkas
  5 ball pythons
  4 bats
  4 frilled lizards
  34 kobolds
  A leopard gecko skeleton (D:4)
  2 quokka skeletons
  4 rats
  5 briar patches (Swamp:4)
  4 fungi (D:11)
  4 plants
1583 creatures vanquished.

Vanquished Creatures (collateral kills)
  A Killer Klown (Zot:5)
  A golden dragon (Zot:5)
  An electric golem (Zot:5)
  6 Orb Guardians (Zot:5)
  A quicksilver dragon (Zot:5)
  A draconian monk (Zot:5)
  A draconian knight (Zot:5)
  3 draconian shifters (Zot:5)
  4 green draconians (Zot:5)
  A white draconian (Zot:5)
20 creatures vanquished.

Vanquished Creatures (others)
  2 ancient liches (Zot:5)
  2 Killer Klowns (Zot:5)
  A golden dragon (Zot:5)
  A tentacled monstrosity (Zot:5)
  A quicksilver dragon (Zot:5)
  9 Orb Guardians (Zot:5)
  2 storm dragons (Zot:5)
  A draconian monk (Zot:5)
  A draconian knight (Zot:5)
  A draconian scorcher (Zot:5)
  2 draconian shifters (Zot:5)
  3 yellow draconians (Zot:5)
  2 black draconians (Zot:5)
  2 white draconians (Zot:5)
  3 purple draconians (Zot:5)
  A red draconian (Zot:5)
  A two-headed ogre (Depths:1)
  2 dancing weapons (Vaults:5)
  An unseen horror (D:15)
  An obsidian statue (Zot:5)
  A moth of wrath (Zot:5)
  An ettin skeleton (Vaults:5)
  A shadow (D:15)
  An ogre (Depths:1)
  A quokka (D:9)
  A briar patch (Swamp:4)
  10 fungi
  8 plants
63 creatures vanquished.

Grand Total: 1666 creatures vanquished

Notes
Turn   | Place    | Note
-------+----------+-------------------------------------------
     0 | D:1      | Flugslaktarn the Minotaur Fighter began the quest for the
                  | Orb.
     0 | D:1      | Reached XP level 1. HP: 19/19 MP: 0/0
   100 | D:1      | Reached XP level 2. HP: 12/27 MP: 1/1
   531 | D:1      | Reached XP level 3. HP: 33/33 MP: 2/2
  1097 | D:2      | Found an ornate altar of the Wu Jian Council.
  1374 | D:2      | Reached XP level 4. HP: 39/40 MP: 3/3
  1786 | D:3      | Reached XP level 5. HP: 26/47 MP: 4/4
  2590 | D:4      | Found Qoemao Acwoy's Distillery.
  2595 | D:4      | Reached skill level 5 in Axes
  2675 | D:4      | Reached XP level 6. HP: 40/55 MP: 5/5
  2709 | D:4      | Reached skill level 5 in Shields
  2811 | D:4      | Reached skill level 5 in Fighting
  2811 | D:4      | Reached skill level 5 in Armour
  2990 | D:4      | Found Meris's Jewellery Shop.
  3056 | D:4      | Found Ylloddou's Weapon Shoppe.
  3075 | D:4      | Found Qetse Vio's Antique Weapon Shoppe.
  3131 | D:4      | Found Acwiehoh's Antique Armour Shoppe.
  3327 | D:5      | Entered Level 5 of the Dungeon
  3353 | D:5      | Found a white marble altar of Elyvilon.
  3466 | D:5      | Found a radiant altar of Vehumet.
  3485 | D:5      | Found an iron altar of Okawaru.
  3552 | D:5      | Reached XP level 7. HP: 37/61 MP: 6/6
  4427 | D:5      | Found a glowing golden altar of the Shining One.
  4637 | D:6      | Noticed Grinder
  4639 | D:6      | Paralysed by Grinder for 5 turns
  4649 | D:6      | Killed Grinder
  4649 | D:6      | Reached XP level 8. HP: 52/71 MP: 7/7
  4649 | D:6      | Identified the +4 whip of Cheibriados's Wrath {vorpal,
                  | Dex+2}
  4772 | D:6      | Gained mutation: Your body sometimes deteriorates upon
                  | taking damage. [potion of mutation]
  4772 | D:6      | Gained mutation: You have sharp fingernails. [potion of
                  | mutation]
  4772 | D:6      | Gained mutation: Your body often deteriorates upon taking
                  | damage. [potion of mutation]
  4772 | D:6      | Gained mutation: You have a pair of large horns on your
                  | head. [potion of mutation]
  4773 | D:6      | Lost mutation: Your body often deteriorates upon taking
                  | damage. [potion of mutation]
  4773 | D:6      | Lost mutation: Your body sometimes deteriorates upon taking
                  | damage. [potion of mutation]
  4773 | D:6      | Lost mutation: You have sharp fingernails. [potion of
                  | mutation]
  4773 | D:6      | Lost mutation: You have a pair of large horns on your head.
                  | [potion of mutation]
  4773 | D:6      | Gained mutation: You have large cloven feet. [potion of
                  | mutation]
  4773 | D:6      | Gained mutation: You are partially covered in molten
                  | scales. (AC +2) [potion of mutation]
  4814 | D:6      | Noticed Sigmund
  4823 | D:6      | Killed Sigmund
  5453 | D:6      | Found a blossoming altar of Fedhas.
  5460 | D:6      | Reached XP level 9. HP: 79/79 MP: 8/8
  5543 | D:6      | Found a shimmering altar of Xom.
  5688 | D:6      | Found a shadowy altar of Dithmenos.
  5688 | D:6      | Found a hazy altar of Hepliaklqana.
  5930 | D:7      | Found a staircase to the Ecumenical Temple.
  6102 | Temple   | Entered the Ecumenical Temple
  6185 | Temple   | Became a worshipper of Gozag Ym Sagoz the Greedy
  7213 | D:8      | Reached skill level 10 in Axes
  7322 | D:8      | Noticed a two-headed ogre
  7331 | D:8      | Killed a two-headed ogre
  7679 | D:8      | Reached XP level 10. HP: 90/90 MP: 9/9
  8381 | D:9      | Noticed a manticore
  8385 | D:9      | Noticed a two-headed ogre
  8398 | D:9      | Killed a manticore
  8403 | D:9      | Killed a two-headed ogre
  8404 | D:9      | Noticed a manticore
  8410 | D:9      | Noticed a manticore
  8719 | D:9      | Killed a manticore
  8725 | D:9      | Killed a manticore
  9090 | D:9      | Found a glowing silver altar of Zin.
  9134 | D:9      | Noticed a white ugly thing
  9169 | D:9      | Found a white marble altar of Elyvilon.
  9293 | D:9      | HP: 4/92 [white ugly thing (28)]
  9294 | D:9      | Killed a white ugly thing
 10004 | D:4      | Bought a pair of ichor-stained gloves for 304 gold pieces
 10014 | D:4      | Identified the +2 pair of gloves of the Sun {rN+ Str-2
                  | Int+6} (You bought it in a shop on level 4 of the Dungeon)
 10059 | D:4      | Bought a potion of heal wounds for 70 gold pieces
 10059 | D:4      | Bought a potion of haste for 140 gold pieces
 10059 | D:4      | Bought a potion of mutation for 112 gold pieces
 10059 | D:4      | Bought a potion of haste for 140 gold pieces
 10059 | D:4      | Bought a potion of mutation for 112 gold pieces
 10122 | D:10     | Entered Level 10 of the Dungeon
 10128 | D:10     | Noticed a rust devil
 10128 | D:10     | Reached XP level 11. HP: 91/99 MP: 10/10
 10518 | D:10     | You fall into a shaft and drop 2 floors!
 10518 | D:12     | Found a sacrificial altar of Ru.
 10535 | D:12     | Reached skill level 10 in Fighting
 10537 | D:12     | Reached skill level 10 in Shields
 10603 | D:12     | Reached skill level 10 in Armour
 11204 | D:10     | Killed an unseen horror
 11517 | D:10     | Found a shattered altar of Ashenzari.
 11844 | D:4      | Bought an uncursed ring of protection from magic for 250
                  | gold pieces
 11844 | D:4      | Bought an uncursed ring of poison resistance for 200 gold
                  | pieces
 12244 | D:11     | Noticed a centaur warrior
 12270 | D:11     | Killed a centaur warrior
 12708 | D:11     | Found a staircase to the Orcish Mines.
 12877 | D:11     | Found a staircase to the Lair.
 12973 | D:12     | Reached XP level 12. HP: 106/110 MP: 11/11
 13014 | Lair:1   | Entered Level 1 of the Lair of Beasts
 13758 | Lair:1   | Reached skill level 15 in Axes
 13854 | Lair:1   | Noticed Sonja
 13884 | Lair:1   | Killed Sonja
 14744 | Lair:2   | Found a staircase to the Swamp.
 15493 | Lair:2   | Identified a scroll of acquirement
 15508 | Lair:2   | Identified the amulet "Zexo" {Acrobat rPois Int+5} (You
                  | acquired it on level 2 of the Lair of Beasts)
 15508 | Lair:2   | Identified the +0 chain mail of Fortitude {MP+9 Dex+4} (You
                  | acquired it on level 2 of the Lair of Beasts)
 15762 | Lair:2   | You fall into a shaft and drop 1 floor!
 15762 | Lair:3   | Noticed a seven-headed hydra
 16291 | Lair:3   | Noticed an eight-headed hydra
 16295 | Lair:3   | Killed a 12-headed hydra
 16380 | Lair:3   | Reached skill level 1 in Dodging
 16672 | Lair:3   | Killed a nine-headed hydra
 16681 | Lair:3   | Reached XP level 13. HP: 80/118 MP: 12/12
 17560 | Lair:4   | Found a staircase to the Snake Pit.
 18506 | Lair:5   | Noticed Josephine
 18512 | Lair:5   | Killed Josephine
 19008 | Lair:5   | Noticed Snorg
 19015 | Lair:5   | Killed Snorg
 19031 | Lair:5   | Noticed Nessos
 19041 | Lair:5   | Killed Nessos
 19859 | Lair:6   | Entered Level 6 of the Lair of Beasts
 20020 | Lair:6   | Reached skill level 5 in Dodging
 20462 | Lair:6   | Noticed Urug
 20472 | Lair:6   | Killed Urug
 21174 | Lair:6   | Reached XP level 14. HP: 120/129 MP: 13/13
 21519 | Lair:6   | Found a large runed translucent door.
 21874 | Lair:6   | Found a large runed translucent door.
 24690 | D:14     | Found a gate to the Vaults.
 24903 | D:15     | Entered Level 15 of the Dungeon
 26311 | D:15     | Found a staircase to the Depths.
 26488 | Orc:1    | Entered Level 1 of the Orcish Mines
 26608 | Orc:2    | Entered Level 2 of the Orcish Mines
 26639 | Orc:2    | Noticed a stone giant
 26653 | Orc:2    | Killed a stone giant
 26653 | Orc:2    | Reached XP level 15. HP: 132/139 MP: 14/14
 26748 | Orc:2    | Found a roughly hewn altar of Beogh.
 26749 | Orc:2    | Noticed an orc warlord
 26768 | Orc:2    | Killed an orc warlord
 27071 | Orc:2    | Found Olou's Food Shoppe.
 27388 | Orc:2    | Found Tutrolet's Magic Scroll Shoppe.
 27412 | Orc:2    | Bought a scroll of enchant weapon for 105 gold pieces
 27412 | Orc:2    | Bought 2 scrolls of enchant armour for 210 gold pieces
 27412 | Orc:2    | Bought a scroll of teleportation for 42 gold pieces
 27412 | Orc:2    | Bought a scroll of teleportation for 42 gold pieces
 27412 | Orc:2    | Bought a scroll of teleportation for 42 gold pieces
 27412 | Orc:2    | Bought a scroll of magic mapping for 49 gold pieces
 27418 | Orc:2    | Found Misiwk's Armour Shop.
 27508 | Orc:2    | Found a staircase to the Elven Halls.
 27623 | Orc:2    | Found Yshreympo's Food Shop.
 27852 | Orc:2    | Found Resk's Assorted Antiques.
 27878 | Orc:2    | Bought a scroll of enchant weapon for 240 gold pieces
 27878 | Orc:2    | Bought a scroll of enchant weapon for 240 gold pieces
 27912 | Orc:2    | Bought +0 storm dragon scales for 960 gold pieces
 27955 | Orc:2    | Found a roughly hewn altar of Beogh.
 27985 | Orc:2    | Gained mutation: Your muscles are strong. (Str +2) [a
                  | neqoxec]
 27989 | Orc:2    | Gained mutation: Scrolls take you a little longer to read.
                  | [a neqoxec]
 28009 | Orc:2    | Lost mutation: Your muscles are strong. (Str +2) [potion of
                  | mutation]
 28009 | Orc:2    | Lost mutation: You have large cloven feet. [potion of
                  | mutation]
 28009 | Orc:2    | Lost mutation: Scrolls take you a little longer to read.
                  | [potion of mutation]
 28009 | Orc:2    | Lost mutation: You are partially covered in molten scales.
                  | (AC +2) [potion of mutation]
 28009 | Orc:2    | Gained mutation: You have sharp toenails. [potion of
                  | mutation]
 28009 | Orc:2    | Gained mutation: You have a pair of large horns on your
                  | head. [potion of mutation]
 28430 | Snake:1  | Entered Level 1 of the Snake Pit
 28695 | Snake:1  | Found Fudwouxe's Gadget Boutique.
 28709 | Snake:1  | Reached skill level 15 in Armour
 28968 | Snake:1  | Reached skill level 15 in Fighting
 29013 | Snake:2  | Found Kuybroef's Distillery.
 29251 | Snake:2  | Bought a potion of heal wounds for 85 gold pieces
 29251 | Snake:2  | Bought a potion of resistance for 170 gold pieces
 29251 | Snake:2  | Bought a potion of resistance for 170 gold pieces
 29251 | Snake:2  | Bought a potion of heal wounds for 85 gold pieces
 29251 | Snake:2  | Bought a potion of resistance for 170 gold pieces
 29410 | Snake:2  | Found Dygaloin's Assorted Antiques.
 29561 | Snake:2  | Bought a pair of translucent boots for 275 gold pieces
 29561 | Snake:2  | Bought a scroll of fog for 58 gold pieces
 29561 | Snake:2  | Identified the cursed +0 pair of boots of Integrity
                  | {*Corrode +Inv rPois Int+7} (You bought it in a shop on
                  | level 2 of the Snake Pit)
 29757 | Snake:2  | Found Lydil's Distillery.
 29769 | Snake:2  | Bought a potion of heal wounds for 65 gold pieces
 29769 | Snake:2  | Bought a potion of heal wounds for 65 gold pieces
 29769 | Snake:2  | Bought a potion of haste for 130 gold pieces
 29769 | Snake:2  | Bought a potion of resistance for 130 gold pieces
 29769 | Snake:2  | Bought a potion of curing for 39 gold pieces
 29769 | Snake:2  | Bought a potion of curing for 39 gold pieces
 29769 | Snake:2  | Bought a potion of curing for 39 gold pieces
 29793 | Snake:2  | Noticed a nagaraja
 29793 | Snake:2  | Noticed a nagaraja
 29793 | Snake:2  | Noticed a nagaraja
 29794 | Snake:2  | Noticed a nagaraja
 29795 | Snake:2  | Noticed a nagaraja
 29805 | Snake:2  | Noticed Aizul
 30163 | Snake:2  | Found Ehamaes's Armour Shoppe.
 30187 | Snake:2  | Killed a nagaraja
 30195 | Snake:2  | Killed Aizul
 30195 | Snake:2  | Reached skill level 10 in Dodging
 30518 | Snake:2  | Noticed a nagaraja
 30530 | Snake:2  | Killed a nagaraja
 30553 | Snake:2  | Killed a nagaraja
 30719 | Snake:2  | Killed a nagaraja
 30738 | Snake:2  | Killed a nagaraja
 30988 | Swamp:1  | Entered Level 1 of the Swamp
 31357 | Swamp:2  | Reached XP level 16. HP: 148/150 MP: 15/15
 31664 | Swamp:4  | Entered Level 4 of the Swamp
 31741 | Swamp:4  | Reached skill level 15 in Shields
 32260 | Swamp:4  | Noticed a thorn hunter
 32275 | Swamp:4  | Killed a thorn hunter
 32500 | Swamp:4  | Noticed a tentacled monstrosity
 32514 | Swamp:4  | Killed a tentacled monstrosity
 33183 | Swamp:4  | Noticed a thorn hunter
 33192 | Swamp:4  | Killed a thorn hunter
 33941 | Swamp:4  | Got a decaying rune of Zot
 34815 | Snake:3  | Reached XP level 17. HP: 154/161 MP: 16/16
 35156 | Snake:4  | Entered Level 4 of the Snake Pit
 36377 | Snake:4  | Got a serpentine rune of Zot
 36725 | Vaults:1 | Entered Level 1 of the Vaults
 37792 | Vaults:3 | Reached XP level 18. HP: 172/173 MP: 17/17
 37897 | Vaults:3 | Found a staircase to the Crypt.
 37931 | Vaults:3 | Noticed Mara
 37946 | Vaults:3 | Noticed Flugslaktarn's illusion
 37982 | Vaults:3 | Noticed Flugslaktarn's illusion
 37987 | Vaults:3 | Noticed Jory
 38214 | Vaults:3 | Killed Jory
 38494 | Vaults:3 | Noticed Flugslaktarn's illusion
 38501 | Vaults:3 | Killed Mara
 38643 | Vaults:3 | Found a huge runed gate.
 38643 | Vaults:3 | Found a huge runed gate.
 38643 | Vaults:3 | Found a huge runed gate.
 38644 | Vaults:3 | Found a huge runed gate.
 38644 | Vaults:3 | Found a huge runed gate.
 38644 | Vaults:3 | Found a huge runed gate.
 38644 | Vaults:3 | Found a huge runed gate.
 38644 | Vaults:3 | Found a huge runed gate.
 38644 | Vaults:3 | Found a huge runed gate.
 38644 | Vaults:3 | Found a huge runed gate.
 38675 | Vaults:4 | Reached skill level 15 in Dodging
 39149 | Vaults:5 | Entered Level 5 of the Vaults
 39149 | Vaults:5 | Noticed a tentacled monstrosity
 39174 | Vaults:5 | Killed a tentacled monstrosity
 39652 | Vaults:5 | Reached XP level 19. HP: 170/184 MP: 18/18
 39663 | Vaults:5 | Identified the +12 halberd "Gyryrum" {freeze, rElec rC+
                  | Str-3}
 40178 | Vaults:5 | Cast into level 3 of the Abyss (a deep elf sorcerer)
 40562 | Abyss:3  | Noticed a profane servitor
 40577 | Abyss:3  | Killed a profane servitor
 40579 | Vaults:5 | Escaped the Abyss
 40583 | Vaults:5 | Identified the ring "Jebad" {rC+ AC+3 Str+4 Int-5 Dex+2}
 40686 | Vaults:5 | Identified the ring of Totu {Str-4 Dex+3 Slay+5 Stlth+}
 41120 | Vaults:5 | Identified the cursed +1 falchion of Zall {vorpal, *Rage
                  | rPois rC+ SInv}
 41277 | Vaults:5 | Noticed a golden dragon
 41284 | Vaults:5 | Noticed an ancient lich
 41284 | Vaults:5 | Noticed a golden dragon
 41924 | Vaults:5 | Killed an ancient lich
 41935 | Vaults:5 | Reached XP level 20. HP: 164/198 MP: 19/19
 42003 | Vaults:5 | Killed a golden dragon
 42577 | Vaults:5 | Killed a golden dragon
 42583 | Vaults:5 | Got a silver rune of Zot
 42725 | Vaults:5 | Found Jamoudi's Food Shop.
 43571 | Depths:1 | Entered Level 1 of the Depths
 44024 | Depths:1 | Found Umioh's Mass Market.
 44070 | Depths:2 | Found a gateway to Hell.
 44529 | Depths:2 | Reached XP level 21. HP: 177/207 MP: 20/20
 45674 | Depths:3 | You fall into a shaft and drop 1 floor!
 46173 | Depths:3 | Noticed a caustic shrike
 46185 | Depths:3 | Killed a caustic shrike
 46436 | Depths:3 | Noticed a juggernaut
 46447 | Depths:3 | Killed a juggernaut
 46738 | Depths:3 | Found a one-way gate to the infinite horrors of the Abyss.
 46895 | Depths:5 | Entered Level 5 of the Depths
 47021 | Depths:5 | Reached XP level 22. HP: 146/220 MP: 21/21
 47588 | Depths:5 | Found a glowing golden altar of the Shining One.
 47588 | Depths:5 | Noticed the Enchantress
 47895 | Depths:5 | Killed the Enchantress
 48745 | Depths:5 | Noticed a golden dragon
 48761 | Depths:5 | Killed a golden dragon
 49050 | Depths:5 | Found a gate to the Realm of Zot.
 49164 | Depths:5 | Noticed a golden dragon
 49183 | Depths:5 | Killed a golden dragon
 49283 | Zot:1    | Entered Level 1 of the Realm of Zot
 50041 | Zot:5    | Entered Level 5 of the Realm of Zot
 50290 | Zot:5    | Reached XP level 23. HP: 85/231 MP: 22/22
 50512 | Zot:5    | Noticed an ancient lich
 50517 | Zot:5    | Noticed an orb of fire
 50517 | Zot:5    | Noticed an orb of fire
 50521 | Zot:5    | Noticed an orb of fire
 50522 | Zot:5    | Noticed an orb of fire
 50524 | Zot:5    | Noticed a Killer Klown
 50557 | Zot:5    | Got the Orb of Zot
 50568 | Zot:5    | Noticed an ancient lich
 50568 | Zot:5    | Noticed a Killer Klown
 50569 | Zot:5    | Noticed a Killer Klown
 50569 | Zot:5    | Noticed an orb of fire
 50596 | Zot:5    | Noticed Jiuturye the pandemonium lord
 50620 | Zot:5    | Killed Jiuturye the pandemonium lord
 50625 | Zot:5    | Killed a Killer Klown
 50628 | Zot:5    | Killed a Killer Klown
 51125 | D:6      | Noticed Segiq the pandemonium lord
 51365 | D:$      | Escaped with the Orb!

Levels and vault maps discovered:
D:1:      ncdulo_wetmaze, layout_rooms, minivault_25
D:2:      layout_loops_cross, nicolae_overflow_crystal_walls,
          chequers_serial_rivers_small_3
D:3:      layout_basic
D:4:      layout_rooms, first_ration, serial_shops, shop, shop, shop_fountains,
          shop, nicolae_shop_window_shopping
D:5:      layout_basic, vehumet_crystals, lemuel_doored_altar, tso_oasis_becter,
          minmay_misc_feat_more_columns, okawaru_trees_2
D:6:      layout_basic, riverfiend_overflow_shadow_ancestor, kennysheep_mini,
          dk_xom_monty_hall, uniq_grinder, uniq_sigmund
D:7:      layout_basic, minmay_temple_entry_hall
D:8:      kennysheep_seaside_town, layout_loops_ring
D:9:      minmay_cut_squares, layout_rooms, zin_treasury, hangedman_fish_farm,
          hex_tiny, elyvilon_altar_4
D:10:     layout_rooms, nicolae_ashenzari_panopticon
D:11:     layout_basic, grunt_lair_entry_orc_guard_hut, orc_0_dummy
D:12:     minmay_general_purpose_star, layout_rooms, nicolae_ru_awakened_eye
D:13:     layout_gridville
D:14:     layout_loops_ring, david_vaults_1, minmay_strange_pillars
D:15:     grunt_enter_depths_snipers, layout_cave_pods, solitary_fountain
Temple:   eino_narrow_crystal_temple
Lair:1:   layout_regular_city, lemuel_fruit_tree, serial_bayou_shore_a,
          uniq_sonja
Lair:2:   layout_long_grid, minmay_swamp_entry_swarm, special_room
          [special_room_bee]
Lair:3:   layout_big_grid
Lair:4:   layout_cave_pods, guppyfry_snake_entry_island
Lair:5:   layout_small_grid, minmay_slime_entry_oklob_enclosed,
          minmay_lindwurm_lava, grunt_megastairs_1, minmay_lair_oklob_chamber,
          lemuel_fruit_fields, uniq_josephine, uniq_nessos, uniq_snorg
Lair:6:   cheibrodos_lair_end_hotspot, layout_long_grid,
          small_statue_intersection, kennysheep_basilisk_garden, uniq_urug
Swamp:1:  layout_falls_marsh, evilmike_swamp_ruin_house_1, water_boxes_lemuel,
          infiniplex_staircase_pool
Swamp:2:  layout_basic_swamp, nicolae_swamp_dense_foliage, uniq_louise
Swamp:3:  layout_falls_marsh, evilmike_swamp_ruin_house_3, swamp_pool4
Swamp:4:  swamp, layout_basic_swamp
Snake:1:  layout_onion_interference, portal_ice_cave_entry_pillars_three,
          minmay_shop_star, uniq_donald
Snake:2:  nicolae_aizul_guard, layout_onion, serial_shops,
          nicolae_shop_competitors_out_of_business, shop, nicolae_shop_stone,
          nicolae_shop_waterfront
Snake:3:  layout_rooms, grunt_megastairs_3
Snake:4:  grunt_snake_rune_pools, layout_cave_town, uniq_aizul, uniq_roxanne
Orc:1:    layout_caves, basic_altar
Orc:2:    st_orc_town, layout_diamond_mine, serial_shops, shop, basic_altar
Vaults:1: gammafunk_vaults_ghost_tricky_traps, nicolae_vaults_ring_of_whatevers,
          special_room_vaults [special_room_orc], v_misc_33,
          hangedman_vaults_variations, hangedman_vaults_pinch,
          hangedman_vaults_locks, nicolae_vaults_diagonal_hallway_8,
          grunt_vaults_twisty, vaults_mumra_minichess, vaults_dpeg_diagonal,
          nicolae_vaults_asterisk, layout_vaults_big_cross
Vaults:2: st_smaller_cells, nicolae_vaults_ninety_degrees,
          ontoclasm_vaults_pinch, ontoclasm_vaults_loading_screen,
          grunt_vaults_diagonal, ontoclasm_vaults_claustrophobia,
          vaults_room_stairs_pillars, nicolae_vaults_windows_and_doors_thing,
          ontoclasm_vaults_ring_small, nicolae_vaults_specimen_jars,
          vaults_room_semicircle, nicolae_vaults_little_squares_1,
          nicolae_vaults_network_periphery, v_misc_32, layout_vaults_omnibox
Vaults:3: v_misc_33, vaults_standard_mumra_enter_the_diamond,
          minmay_crypt_entry_simple_walls, v_alt_pattern_5, vaults_door_vault,
          nicolae_vaults_hallways_thing, nicolae_vaults_network_barrier,
          vaults_room_grunt_arrival_checkpoint, nicolae_vaults_little_squares_2,
          vaults_dpeg_ring, nicolae_vaults_little_ls,
          hangedman_vaults_stretched_pinwheel, nicolae_vaults_yaktaur_gun_rack,
          layout_vaults_maze_bifur, uniq_mara, uniq_jory
Vaults:4: vaults_room_octagon, hangedman_vaults_stagger,
          nicolae_vaults_circle_grid_b, grunt_vaults_bifocal,
          ontoclasm_vaults_tryst, grunt_vaults_hallway_long,
          nicolae_vaults_quadrants, ontoclasm_vaults_eye,
          hangedman_vaults_nails, layout_vaults_ring
Vaults:5
Depths:1: layout_big_octagon, enter_ziggurat_d, skrybe_limestone_x, hell_entry,
          serial_bayou_pond_c, serial_sigils_hangedman_snap, grunt_ministairs_8,
          hangedman_decor_peaks_small, minmay_shop_mass,
          chequers_serial_rivers_marsh, minivault_14,
          kennysheep_generic_room_15, infiniplex_staircase_pool_lava,
          uniq_sojobo
Depths:2: minmay_the_grid_plus_closed [minmay_the_grid_tiny_cups,
          minmay_the_grid_minigrid_medium, minmay_the_grid_fan,
          minmay_the_grid_doors, minmay_the_grid_prize_inner_circle],
          layout_long_grid, abyss_entry, minmay_stone_trees_small, serial_glass,
          glass_columns_a, glass_columns_c, due_unseen_surprise,
          feat_on_display, hell_entry
Depths:3: minmay_shrinking_squares, layout_long_grid,
          chequers_serial_rivers_large_a, abyss_entry, rand_demon_pan_entry_4,
          hell_entry, infiniplex_staircase_squiggle
Depths:4: minmay_tearing_corner, layout_basic, hell_entry, abyss_entry,
          kennysheep_cross_landing, minmay_staircase_bubble
Depths:5: evilmike_zot_entry_gauntlet, layout_gridlike, tso_metal_star,
          hell_entry, uniq_enchantress
Zot:1:    layout_basic
Zot:2:    layout_misc_corridors, hangedman_elemental_grid_stream
Zot:3:    lemuel_acid_trip, layout_concentric_octagons
Zot:4:    gammafunk_mikee_crab_dinner, layout_onion, grunt_megastairs_2
Zot:5:    layout_cathedral_of_symmetry, grunt_ministairs_14

Skill      XL: |  1  2  3  4  5  6  7  8  9 10 11 12 13 14 15 16 17 18 19 20 21 22 |
---------------+-------------------------------------------------------------------+-----
Axes           | 3 4 5 6 7 9 11 12 14 16 17 18 | 18.0
Armour         | 4 5 6 7 8 9 11 12 13 14 15 17 18 19 21 22 23 24 | 24.8
Shields        | 4 5 6 7 8 9 11 12 13 14 15 | 15.0
Fighting       | 4 5 6 7 8 9 11 12 13 14 15 17 18 19 21 22 23 24 | 24.7
Dodging        | 1 5 8 10 12 14 15 17 18 19 21 | 21.4

Action                   |  1- 3 |  4- 6 |  7- 9 | 10-12 | 13-15 | 16-18 | 19-21 | 22-24 || total
-------------------------+-------+-------+-------+-------+-------+-------+-------+-------++-------
Melee: War axe           |   103 |   157 |   246 |   816 |   222 |       |       |       ||  1544
       Headbutt          |    14 |    19 |    51 |   164 |   251 |   246 |   340 |   139 ||  1224
       Battleaxe         |       |       |       |    48 |   258 |       |       |       ||   306
       Broad axe         |       |       |       |       |   624 |  1026 |  1188 |   518 ||  3356
Invok: Potion Petition   |       |       |       |     1 |       |       |     2 |     2 ||     5
       Bribe Branch      |       |       |       |       |       |       |       |     3 ||     3
Evoke: Wand              |       |       |       |     9 |     9 |     3 |       |     1 ||    22
  Use: Scroll            |       |       |    12 |    11 |    23 |     9 |     8 |    11 ||    74
       Potion            |       |       |     2 |     5 |     8 |     1 |    10 |     6 ||    32
 Stab: Distracted        |       |       |       |     2 |    10 |     5 |    17 |     2 ||    36
  Eat: Chunk             |     2 |     3 |     5 |     2 |       |       |       |       ||    12
       Ration            |       |     1 |     3 |     9 |    14 |     8 |     7 |     4 ||    46
Armor: Scale mail        |    50 |    86 |    38 |       |       |       |       |       ||   174
       Chain mail        |       |       |    33 |   120 |       |       |       |       ||   153
       Plate armour      |       |       |       |   427 |   363 |       |       |       ||   790
       Storm dragon scal |       |       |       |       |   106 |   412 |   251 |   178 ||   947
Dodge: Dodged            |    27 |    44 |    53 |   226 |   387 |   727 |   625 |   361 ||  2450
Block: Kite shield       |    51 |    89 |   120 |   528 |   422 |   725 |   616 |   332 ||  2883

Table legend:
 A = Non-vault XP
 B = Vault XP
 C = Vault XP percentage of total XP
 D = Non-vault monster count
 E = Vault monster count
 F = Vault count percentage of total count
                 A         B        C        D         E       F
            +---------+---------+-------+---------+---------+-------
      Total |  508997 |  360486 |  41.5 |    1108 |     470 |  29.8
            +---------+---------+-------+---------+---------+-------
        D:1 |      50 |       0 |   0.0 |      23 |       0 |   0.0
        D:2 |      69 |       0 |   0.0 |      20 |       0 |   0.0
        D:3 |     214 |       0 |   0.0 |      18 |       0 |   0.0
        D:4 |     308 |       0 |   0.0 |      16 |       0 |   0.0
        D:5 |     507 |       0 |   0.0 |      17 |       0 |   0.0
        D:6 |    1098 |     600 |  35.3 |      31 |       5 |  13.9
        D:7 |     817 |       0 |   0.0 |      13 |       0 |   0.0
        D:8 |    1897 |    1095 |  36.6 |      14 |      22 |  61.1
        D:9 |     930 |    3413 |  78.6 |      29 |       8 |  21.6
       D:10 |    2327 |       0 |   0.0 |      24 |       0 |   0.0
       D:11 |    4793 |     755 |  13.6 |      41 |       6 |  12.8
       D:12 |    3419 |      88 |   2.5 |      21 |       1 |   4.5
       D:13 |    5636 |       0 |   0.0 |      23 |       0 |   0.0
       D:14 |    7649 |    2915 |  27.6 |      21 |       5 |  19.2
       D:15 |   11154 |    2389 |  17.6 |      36 |       3 |   7.7
     Lair:1 |    5922 |     807 |  12.0 |      25 |       1 |   3.8
     Lair:2 |    3532 |    2090 |  37.2 |      20 |      26 |  56.5
     Lair:3 |    5410 |       0 |   0.0 |      19 |       0 |   0.0
     Lair:4 |    2171 |     320 |  12.8 |      12 |       2 |  14.3
     Lair:5 |     591 |    8770 |  93.7 |       2 |      17 |  89.5
     Lair:6 |   10378 |    8627 |  45.4 |      33 |      32 |  49.2
    Swamp:1 |    2554 |       0 |   0.0 |       6 |       0 |   0.0
    Swamp:2 |    1720 |       0 |   0.0 |       3 |       0 |   0.0
    Swamp:3 |    3326 |       0 |   0.0 |       6 |       0 |   0.0
    Swamp:4 |   17360 |   20174 |  53.7 |      34 |      28 |  45.2
    Snake:1 |   10629 |       0 |   0.0 |      20 |       0 |   0.0
    Snake:2 |   15480 |   10125 |  39.5 |      26 |       7 |  21.2
    Snake:3 |   23023 |    2808 |  10.9 |      38 |       5 |  11.6
    Snake:4 |   10676 |   33870 |  76.0 |      17 |      57 |  77.0
      Orc:1 |     915 |       0 |   0.0 |       1 |       0 |   0.0
      Orc:2 |    5825 |    6711 |  53.5 |      46 |      59 |  56.2
   Vaults:1 |    4178 |       0 |   0.0 |       6 |       0 |   0.0
   Vaults:2 |   10303 |    7000 |  40.5 |      16 |      10 |  38.5
   Vaults:3 |   21070 |   17961 |  46.0 |      25 |      11 |  30.6
   Vaults:4 |   19958 |    5568 |  21.8 |      43 |       6 |  12.2
   Vaults:5 |   43791 |  119295 |  73.1 |      69 |      82 |  54.3
   Depths:1 |   29057 |    2803 |   8.8 |      45 |       6 |  11.8
   Depths:2 |   23917 |   12391 |  34.1 |      32 |      12 |  27.3
   Depths:3 |   54321 |   18145 |  25.0 |      71 |       6 |   7.8
   Depths:4 |   20520 |    1438 |   6.5 |      22 |       2 |   8.3
   Depths:5 |   46414 |   35022 |  43.0 |      50 |      30 |  37.5
      Zot:2 |   15786 |       0 |   0.0 |      12 |       0 |   0.0
      Zot:3 |   16074 |       0 |   0.0 |      12 |       0 |   0.0
      Zot:4 |   10447 |    3599 |  25.6 |       7 |       2 |  22.2
      Zot:5 |   13709 |   31707 |  69.8 |      14 |      19 |  57.6
    Abyss:3 |   19072 |       0 |   0.0 |      29 |       0 |   0.0
            +---------+---------+-------+---------+---------+-------
